 Dungeon Crawl Stone Soup version 0.18.1-47-g9310371 (console) character file.

4641 Kloppie the Cleaver (level 10, -2/136 HPs)
             Began as a Hill Orc Gladiator on June 14, 2016.
             Was a Believer of Okawaru.
             Killed from afar by Joseph (13 damage)
             ... with a wand of lightning
             ... on level 9 of the Dungeon.
             The game lasted 00:16:15 (8391 turns).

Kloppie the Cleaver (Hill Orc Gladiator)            Turns: 8391, Time: 00:16:16

Health: -2/136     AC: 25    Str: 19    XL:     10   Next: 43%
Magic:  10/10      EV:  2    Int:  8    God:    Okawaru [**....]
Gold:   239        SH:  0    Dex: 14    Spells: 0 memorised, 9 levels left

rFire  + . .     SeeInvis .     a - +1 war axe
rCold  . . .     Gourm    +     (armour currently unavailable)
rNeg   + + +     Faith    .     (no shield)
rPois  +         Spirit   .     (helmet currently unavailable)
rElec  .         Dismiss  .     (cloak currently unavailable)
rCorr  +         Reflect  .     (gloves currently unavailable)
SustAt .         Harm     .     (boots currently unavailable)
MR     .....     NoTele   +     p - amulet of the gourmand
Stlth  +.........               H - ring of protection from fire
                                e - ring of resist corrosion

@: tree-form (expiring), not resistant to hostile enchantments, very unstealthy
A: no striking features
a: Heroism, Renounce Religion


You were on level 9 of the Dungeon.
You worshipped Okawaru.
Okawaru was pleased with you.
You were very full.
You were a tree.
You visited 2 branches of the dungeon, and saw 10 of its levels.
You also visited: Sewer.

You collected 449 gold pieces.
You spent 210 gold pieces at shops.

Inventory:

Hand Weapons
 a - a +1 war axe (weapon)
Missiles
 n - a throwing net (quivered)
Armour
 b - a +1 pair of gloves (melded)
 c - a +2 helmet (melded)
 l - a +0 cloak (melded)
 G - a +1 chain mail of poison resistance (melded)
Jewellery
 e - a ring of resist corrosion (left branch)
 p - an amulet of the gourmand (around neck)
 H - a ring of protection from fire (right branch)
Wands
 d - a wand of digging (13/24)
 w - a wand of polymorph (13/24)
 D - a wand of lightning (15/15)
Scrolls
 i - a scroll of fear
 j - 6 scrolls of remove curse
 k - 2 scrolls of immolation
 m - a scroll of blinking
 r - 6 scrolls of teleportation
 x - a scroll of magic mapping
 y - 2 scrolls of fog
 z - a scroll of recharging
 B - 3 scrolls of identify
 J - a scroll of enchant armour
Potions
 s - a potion of haste
 t - 3 potions of flight
 C - 3 potions of brilliance
Books
 F - the Compendium of Dusty Necromancy
   (You found it on level 8 of the Dungeon)

   Spells                             Type                      Level
   a - Sublimation of Blood           Necromancy                   2
   b - Regeneration                   Charms/Necromancy            3
   c - Leda's Liquefaction            Hexes/Earth                  4
   d - Agony                          Necromancy                   5
   e - Iron Shot                      Conjuration/Earth            6
Comestibles
 f - 8 bread rations
 g - 5 fruits
 o - 8 slices of pizza
 v - 2 beef jerkies
 E - a royal jelly


   Skills:
 + Level 9.2 Fighting
 * Level 13.9 Axes
 - Level 1.7 Throwing
 + Level 7.9 Armour
 - Level 2.4 Dodging


You had 9 spell levels left.
You didn't know any spells.

Dungeon Overview and Level Annotations

Branches:
Dungeon (9/15)             Temple (1/1) D:7
   Lair: D:8-11         Orc: D:9-12

Altars:
Ashenzari
Cheibriados
Dithmenos
Elyvilon
Gozag
Kikubaaqudgha
Makhleb
Nemelex Xobeh
Okawaru
Pakellas
Qazlal
Ru
Sif Muna
Trog
Vehumet
Xom
Yredelemnul
The Shining One
Jiyva

Shops:
D:6 *   D:7 *

Annotations:
D:9 Joseph


Message History

Drink which item? (? for menu, Esc to quit)
You feel better.
Joseph shoots a sling bullet.
The sling bullet hits you.
* * * LOW HITPOINT WARNING * * *
Drink which item? (? for menu, Esc to quit)
You feel better.
Joseph shoots a sling bullet.
The sling bullet hits you!
* * * LOW HITPOINT WARNING * * *
Throwing (i - inventory):
n - 2 throwing nets (quivered)
Press: ? - help, Shift-Dir - straight line, f - Joseph
Aim: Joseph, wielding a hunting sling, wearing a glowing leather armour and carrying a wand of lightning {zapped: 4} You throw a throwing net.
The throwing net hits Joseph.
Joseph is caught in the net!
Joseph struggles against the net.
Joseph struggles against the net.
Your transformation is almost over.
Joseph zaps a wand.
The bolt of lightning hits you!
* * * LOW HITPOINT WARNING * * *
Joseph struggles to escape the net.
Joseph struggles against the net.
Joseph zaps a wand.
Helpless, you fail to dodge the bolt of lightning.
You die...

.........#..........# #
..#.#...............####..
.#..###........<........##
#.....###.....##..........
#.....# #....[............
#.....###.........†....#..
...................†......
...............†...#......
..._.......@....♣.#.......
................†.........
..........................
#.....###.................
#.....# #............#.###
#.....# ............#.#
........)>..#
.##.........#


You could see Joseph (caught).

Vanquished Creatures
  3 yaks (D:9)
  A human (D:7)
  2 hippogriffs (D:8)
  3 sky beasts
  A black bear (D:8)
  3 ogres
  An orc warrior (D:7)
  2 necrophages
  A phantom (D:7)
  2 centaurs (D:6)
  3 big kobolds
  8 giant frogs
  A wyvern zombie (D:8)
  2 scorpions
  8 killer bees
  4 howler monkeys
  5 wights (D:6)
  2 giant frog zombies
  A crimson imp (D:5)
  A quasit (D:8)
  3 hounds
  4 jellies
  An orc priest (D:6)
  2 iguanas
  A centaur skeleton (D:6)
  An orc wizard (D:8)
  4 worker ants
  4 sheep (D:7)
  A worker ant zombie (D:6)
  2 howler monkey skeletons
  6 gnolls
  17 adders
  5 river rats (Sewer)
  3 shadow imps
  2 worms
  2 dart slugs
  7 giant geckos
  16 orcs
  16 ball pythons
  3 giant cockroaches
  6 goblins
  5 hobgoblins
  17 kobolds
  7 quokkas
  8 bats
  6 giant newts
  26 rats
229 creatures vanquished.

Vanquished Creatures (others)
  2 plants (D:6)
2 creatures vanquished.

Grand Total: 231 creatures vanquished

Notes
Turn   | Place    | Note
--------------------------------------------------------------
     0 | D:1      | Kloppie the Hill Orc Gladiator began the quest for the Orb.
     0 | D:1      | Reached XP level 1. HP: 18/18 MP: 1/1
   219 | D:1      | Reached XP level 2. HP: 25/25 MP: 2/2
   824 | D:2      | Reached XP level 3. HP: 22/31 MP: 3/3
  1012 | D:2      | Found a faded altar to an unknown god.
  1223 | D:2      | Reached skill level 5 in Axes
  1535 | D:3      | Reached skill level 1 in Armour
  1774 | D:3      | Reached XP level 4. HP: 27/38 MP: 4/4
  2262 | D:4      | Reached skill level 6 in Axes
  2263 | D:4      | Reached XP level 5. HP: 46/46 MP: 5/5
  2547 | D:4      | Found a stormy altar of Qazlal.
  2572 | D:4      | Found a glowing drain.
  2609 | Sewer    | Entered a sewer
  2647 | Sewer    | Reached XP level 6. HP: 47/52 MP: 6/6
  2805 | Sewer    | Reached skill level 7 in Axes
  3415 | Sewer    | Reached XP level 7. HP: 17/60 MP: 7/7
  3921 | D:4      | Found a glowing golden altar of the Shining One.
  4423 | D:5      | Entered Level 5 of the Dungeon
  4462 | D:5      | Reached skill level 8 in Axes
  4778 | D:5      | Reached skill level 5 in Fighting
  5122 | D:6      | HP: 3/61 [wight/halberd of venom (1)]
  5351 | D:6      | Reached skill level 9 in Axes
  5368 | D:6      | Reached XP level 8. HP: 59/70 MP: 8/8
  5448 | D:6      | Found Muobrecw's Assorted Antiques.
  5452 | D:6      | Bought a potion of curing for 63 gold pieces
  5452 | D:6      | Bought a scroll of teleportation for 63 gold pieces
  5452 | D:6      | Bought a potion of might for 84 gold pieces
  5588 | D:6      | Reached skill level 5 in Armour
  5663 | D:6      | Reached skill level 10 in Axes
  6280 | D:6      | Reached skill level 11 in Axes
  6280 | D:6      | Reached XP level 9. HP: 78/78 MP: 9/9
  6349 | D:6      | Found a radiant altar of Vehumet.
  6755 | D:7      | Found a staircase to the Ecumenical Temple.
  6769 | Temple   | Entered the Ecumenical Temple
  6884 | Temple   | Became a worshipper of Warmaster Okawaru
  6909 | D:7      | Found Xifekk's General Store.
  7280 | D:7      | Reached skill level 12 in Axes
  7331 | D:7      | Found a sacrificial altar of Ru.
  7337 | D:7      | Found a sparkling altar of Nemelex Xobeh.
  7338 | D:7      | Found a shimmering altar of Xom.
  7339 | D:7      | Found a shattered altar of Ashenzari.
  7341 | D:7      | Found a radiant altar of Vehumet.
  7342 | D:7      | Found an opulent altar of Gozag.
  7343 | D:7      | Found a shadowy altar of Dithmenos.
  7387 | D:7      | Found a basalt altar of Yredelemnul.
  7524 | D:7      | Reached * piety under Okawaru
  7839 | D:8      | Reached skill level 13 in Axes
  7839 | D:8      | Reached XP level 10. HP: 67/90 MP: 10/10
  7942 | D:8      | Reached ** piety under Okawaru
  8090 | D:8      | Identified the Compendium of Dusty Necromancy
  8294 | D:9      | Found a snail-covered altar of Cheibriados.
  8369 | D:9      | Noticed Joseph
  8382 | D:9      | HP: 5/136 [Joseph/wand of lightning (11)]
  8391 | D:9      | Killed from afar by Joseph

Skill      XL: |  1  2  3  4  5  6  7  8  9 10 |
---------------+-------------------------------+-----
Fighting       | 3 4 5 6 8 9 |  9.2
Axes           | 5 6 7 9 11 13 | 13.9
Armour         | 1 2 3 4 5 7 |  7.9
Throwing       | |  1.7
Dodging        | |  2.4

Action                   |  1- 3 |  4- 6 |  7- 9 | 10-12 || total
-------------------------+-------+-------+-------+-------++-------
Melee: War axe           |   101 |   231 |   488 |   106 ||   926
       Unarmed           |       |     8 |       |       ||     8
Throw: Throwing net      |     6 |     4 |     3 |     1 ||    14
Invok: Heroism           |       |       |       |     1 ||     1
  Use: Potion            |       |     2 |     8 |     6 ||    16
       Scroll            |       |     1 |    20 |     2 ||    23
 Stab: Held in net/web   |     1 |       |     1 |       ||     2
       Confused          |       |     1 |       |       ||     1
  Eat: Chunk             |     3 |     6 |    18 |     2 ||    29
       Bread ration      |       |       |     1 |       ||     1
Armor: Chain mail        |    60 |   190 |   359 |    70 ||   679
       Leather armour    |     5 |       |       |       ||     5
       Skin              |       |     1 |       |    18 ||    19
Dodge: Dodged            |    44 |   142 |   194 |    41 ||   421
